 Dungeon Crawl Stone Soup version 0.31-a0-185-g9dded2c639 (webtiles) character file.

Game seed: 2642603227686921889

100 qw the Shooter (level 4, -1/25 HPs)
             Began as a Deep Elf Hunter on June 22, 2023.
             Slain by Pikel
             ... wielding a +2 whip of flaming
              (3 damage)
             ... on level 4 of the Dungeon.
             The game lasted 00:00:48 (1970 turns).

qw the Shooter (Deep Elf Hunter)                    Turns: 1970, Time: 00:00:48

Health: -1/25      AC:  9    Str:  8 (10) XL:     4   Next: 47%
Magic:  6/6        EV: 10    Int: 12 (14) God:
Gold:   84         SH:  0    Dex: 17 (18) Spells: 3/3 levels left

rFire   . . .        Y - +0 shortbow
rCold   . . .        (shield currently unavailable)
rNeg    . . .        m - +0 ring mail
rPois   .            (no helmet)
rElec   .            (no cloak)
rCorr   +            (no gloves)
SInv    .            (no boots)
Will    .....        (no amulet)
Stlth   +            k - ring of resist corrosion
HPRegen 0.24/turn    n - +4 ring of protection
MPRegen 0.10/turn

%: no passive effects
@: no status effects
A: no striking features
a: no special abilities


You were on level 4 of the Dungeon.
You visited 1 branch of the dungeon, and saw 4 of its levels.

You collected 84 gold pieces.


   Skills:
 - Level 1.5 Fighting
 + Level 7.9 Ranged Weapons
 - Level 2.4 Dodging
 - Level 1.2 Stealth


You had 3 spell levels left.
You didn't know any spells.
Your spell library was empty.

Inventory:

Hand Weapons
 Y - a +0 shortbow (weapon)
Armour
 m - a +0 ring mail (worn)
Jewellery
 k - a ring of resist corrosion (left hand)
 n - a +4 ring of protection (right hand)
Scrolls
 a - 2 scrolls of identify
 b - a scroll of revelation {unknown}
Potions
 d - 2 potions of heal wounds
 e - a potion of curing
 f - a potion of haste {unknown}
 h - a potion of attraction {unknown}
 i - a potion of ambrosia {unknown}
 l - a potion of might {unknown}

Dungeon Overview and Level Annotations

Branches:
Dungeon (4/15)
 Temple: D:4-7

Altars:
Cheibriados
Vehumet

Annotations:
D:4 Pikel


Message History

Found an escape hatch in the floor.
Pikel and a lemure come into view.
Pikel is wielding a +2 whip of flaming.
Pikel shouts!
The lemure shouts!
A lemure comes into view.
You shoot an arrow.
The arrow hits Pikel but does no damage.
A lemure comes into view.
You shoot an arrow. The arrow closely misses the lemure.
The arrow barely misses the lemure.
The lemure shouts!
The arrow hits the lemure!
The lemure is moderately wounded.
Pikel says, "Asmodeus and me are pals.
He gave me this whip."
You shoot an arrow. The arrow hits Pikel.
Pikel is lightly wounded.
You shoot an arrow.
The arrow hits Pikel but does no damage.
Pikel is lightly wounded.
A lemure comes into view.
You shoot an arrow. The arrow barely misses Pikel.
The lemure shouts!
Pikel hits you with a +2 whip of flaming.
Pikel burns you.
You shoot an arrow. The arrow hits Pikel.
Pikel is lightly wounded.
Pikel hits you with a +2 whip of flaming!
Pikel burns you.
You shoot an arrow. The arrow hits Pikel.
Pikel is moderately wounded.
Pikel closely misses you.
You shoot an arrow. The arrow hits Pikel.
Pikel is moderately wounded.
Pikel hits you with a +2 whip of flaming.
Pikel burns you. Pikel closely misses you.
You shoot an arrow.
The arrow hits Pikel but does no damage.
Pikel is moderately wounded.
Pikel hits you with a +2 whip of flaming!
Pikel burns you.
You die...

# #.#.#
#......##.}._#
#.#.###.#######....#
#.#.....# ##..## #
#.####### #### #.#.#
#.#.##### #......>#
###.###.####
#...@....#
#..##K#### #..# 5#
#... 55 ##.##.#. #..
.#.. #.# .# .# #.#
.. ..


You could see Pikel and 3 lemures.

Vanquished Creatures
  3 adders
  A dart slug (D:1)
  5 orcs (D:3)
  5 ball pythons
  4 bats
  6 endoplasms
  13 giant cockroaches
  6 goblins
  2 hobgoblins
  6 kobolds
  A quokka (D:2)
  4 frilled lizards
  3 rats (D:1)
59 creatures vanquished.

Notes
Turn   | Place    | Note
-------+----------+-------------------------------------------
     0 | D:1      | qw the Deep Elf Hunter began the quest for the Orb.
     0 | D:1      | Reached XP level 1. HP: 12/12 MP: 3/3
     0 | D:1      | 0 ||| qw: Version: 0.3-a-9-g12657ce
     0 | D:1      | 0 ||| qw: Game counter: 1691
     0 | D:1      | 0 ||| qw: Always use a shield: true
     0 | D:1      | 0 ||| qw: God list: Okawaru
     0 | D:1      | 0 ||| qw: Allow faded altars: false
     0 | D:1      | 0 ||| qw: Do Orc after D:15 true
     0 | D:1      | 0 ||| qw: Do second Lair branch before Depths: true
     0 | D:1      | 0 ||| qw: Lair rune preference: random
     0 | D:1      | 0 ||| qw: Plans: Normal
     0 | D:1      | 0 ||| PLANNING D:1-11
   123 | D:1      | Reached skill level 6 in Ranged Weapons
   123 | D:1      | Reached XP level 2. HP: 16/16 MP: 4/4
   222 | D:1      | 222 ||| Stepping ~*~*~tactically~*~*~ (water).
   566 | D:1      | 566 ||| READING scroll labelled DEKLI GIPU.
   567 | D:1      | 567 ||| READING scroll labelled ZYNIGI GIGREJU.
   568 | D:1      | 568 ||| DROPPING scroll of butterflies.
   737 | D:2      | Reached XP level 3. HP: 20/20 MP: 5/5
  1050 | D:2      | Reached skill level 7 in Ranged Weapons
  1281 | D:2      | 1281 ||| UPGRADING to +0 scale mail.
  1291 | D:2      | 1291 ||| DROPPING +0 leather armour.
  1292 | D:2      | 1292 ||| READING scroll labelled CAMERU NIOZ.
  1293 | D:2      | 1293 ||| READING 2 scrolls of identify.
  1293 | D:2      | 1293 ||| IDENTIFYING glowing puce potion
  1327 | D:3      | 1327 ||| STAIRDANCE
  1357 | D:3      | 1357 ||| Stepping ~*~*~tactically~*~*~ (outnumbered).
  1541 | D:3      | Found a faded altar of an unknown god.
  1554 | D:3      | Reached XP level 4. HP: 25/25 MP: 6/6
  1851 | D:3      | 1851 ||| UPGRADING to +0 ring mail.
  1861 | D:3      | 1861 ||| DROPPING +0 scale mail.
  1862 | D:3      | 1862 ||| UPGRADING to ring of resist corrosion.
  1863 | D:3      | 1863 ||| UPGRADING to +4 ring of protection.
  1864 | D:3      | 1864 ||| READING scroll labelled BEOHOYR KURIFF.
  1869 | D:3      | 1869 ||| DRINKING 2 yellow potions.
  1870 | D:3      | 1870 ||| DRINKING 2 fizzy coppery potions.
  1871 | D:3      | 1871 ||| READING 2 scrolls of identify.
  1871 | D:3      | 1871 ||| IDENTIFYING metallic purple potion
  1872 | D:3      | 1872 ||| DROPPING potion of magic.
  1873 | D:3      | 1873 ||| DROPPING potion of degeneration.
  1923 | D:4      | Found a radiant altar of Vehumet.
  1923 | D:4      | Found a snail-covered altar of Cheibriados.
  1961 | D:4      | Noticed Pikel
  1961 | D:4      | Noticed a lemure
  1961 | D:4      | Noticed a lemure
  1962 | D:4      | Noticed a lemure
  1965 | D:4      | Noticed a lemure
  1970 | D:4      | HP: 2/25 [Pikel/+2 whip of flaming (8)]
  1970 | D:4      | Slain by Pikel

Levels and vault maps discovered:
D:1:      mainiacjoe_arrival_reflecting_pool, layout_loops_cross,
          serial_bayou_ford_a
D:2:      layout_basic
D:3:      minmay_roachtagon, layout_rooms,
          hellmonk_ecumenical_altar_inner_sanctum
D:4:      layout_loops_ring, mainiacjoe_overflow_alcove_2,
          gammafunk_temple_overflow_pools, gammafunk_ghost_necromancy,
          uniq_eustachio, uniq_pikel, uniq_grinder

Skill      XL: |  1  2  3 |
---------------+----------+-----
Ranged Weapons | 6 7 |  7.9
Fighting       | |  1.5
Dodging        | |  2.4
Stealth        | |  1.2

Action                     |  1- 3 |  4- 6 || total
---------------------------+-------+-------++-------
   Fire: Shortbow          |   119 |    40 ||   159
    Use: Scroll            |     4 |     2 ||     6
         Potion            |       |     2 ||     2
 Armour: Leather armour    |     7 |       ||     7
         Scale mail        |    37 |    13 ||    50
  Dodge: Dodged            |    49 |    17 ||    66

Table legend:
 A = Non-vault XP
 B = Vault XP
 C = Vault XP percentage of total XP
 D = Non-vault monster count
 E = Vault monster count
 F = Vault count percentage of total count
                 A         B        C        D         E       F
            +---------+---------+-------+---------+---------+-------
      Total |     124 |      20 |  13.9 |      49 |      10 |  16.9
            +---------+---------+-------+---------+---------+-------
        D:1 |      36 |       0 |   0.0 |      21 |       0 |   0.0
        D:2 |      35 |       2 |   5.4 |      13 |       1 |   7.1
        D:3 |      40 |      18 |  31.0 |      14 |       9 |  39.1
        D:4 |      13 |       0 |   0.0 |       1 |       0 |   0.0
            +---------+---------+-------+---------+---------+-------
